 Dungeon Crawl Stone Soup version 0.17.1-3-g152610e (webtiles) character file.

187 Gargoyl the Skirmisher (level 5, -1/42 HPs)
             Began as a Demonspawn Abyssal Knight on Mar 10, 2016.
             Was an Elder of Lugonu.
             Incinerated by a mottled dragon (7 damage)
             ... with a sticky flame
             ... on level 4 of the Dungeon.
             The game lasted 00:09:12 (3614 turns).

Gargoyl the Skirmisher (Demonspawn Abyssal Knight)  Turns: 3614, Time: 00:09:12

Health: -1/42      AC: 10    Str: 13    XL:     5   Next: 39%
Magic:  3/7        EV:  6    Int: 13    God:    Lugonu [****..]
Gold:   158        SH:  0    Dex: 13    Spells: 0 memorised, 4 levels left

rFire  . . .     SeeInvis .     a - +1 hand axe
rCold  . . .     Clarity  .     j - +0 chain mail
rNeg   . . .     SustAt   .     (no shield)
rPois  .         Gourm    .     (helmet restricted)
rElec  .         Spirit   .     c - +0 cloak
rCorr  .         Warding  .     (no gloves)
rMut   .         Stasis   .     (no boots)
MR     .....                    (no amulet)
Stlth  ..........               (no ring)
                                (no ring)

@: liquid flames, glowing, not resistant to hostile enchantments, extremely
unstealthy
A: horns 1, powered by pain 1
a: Depart the Abyss, Bend Space, Banish, Corrupt, Renounce Religion


You were on level 4 of the Dungeon.
You worshipped Lugonu.
Lugonu was greatly pleased with you.
You were hungry.

You visited 1 branch of the dungeon, and saw 4 of its levels.
You visited the Abyss 1 time.

You collected 158 gold pieces.

Inventory:

Hand Weapons
 a - a +1 hand axe (weapon)
Armour
 c - a +0 cloak (worn)
 j - a +0 chain mail (worn)
Wands
 s - a wand of polymorph (9)
 v - a wand of polymorph (4)
Scrolls
 b - a scroll of immolation {unknown}
 e - 5 scrolls of identify {unknown}
 i - 2 scrolls of teleportation {unknown}
 q - a scroll of remove curse {unknown}
 r - a scroll of magic mapping {unknown}
 t - a scroll of enchant armour {unknown}
Potions
 h - 2 potions of agility {unknown}
 k - 3 potions of curing {unknown}
 l - a potion of cancellation {unknown}
 m - 2 potions of degeneration {unknown}
 n - 2 potions of lignification {unknown}
 p - a potion of brilliance {unknown}
Comestibles
 d - 4 meat rations
 f - 2 beef jerkies
 g - 2 royal jellies
 o - a bread ration


   Skills:
 + Level 4.0 Fighting
 + Level 2.8 Axes
 + Level 3.2 Armour
 + Level 2.0 Dodging
 + Level 2.7 Invocations
 + Level 0.2 Evocations


You had 4 spell levels left.
You didn't know any spells.

Dungeon Overview and Level Annotations

Branches:
Dungeon (4/15)
 Temple: D:4-7

Altars:
Dithmenos
Elyvilon
Qazlal
Ru
Trog
Xom
Yredelemnul
The Shining One


Innate Abilities, Weirdness & Mutations

You have a pair of small horns on your head.
You sometimes gain a little power by taking damage.


Message History

You headbutt the mottled dragon, but do no damage.
The mottled dragon is moderately wounded.
The mottled dragon bites you but does no damage.
The mottled dragon claws you.
You closely miss the mottled dragon.
The mottled dragon is moderately wounded.
The mottled dragon bites you.
The mottled dragon claws you but does no damage.
Press: ? - help, Shift-Dir - straight line, f/p - mottled dragon
Aim: a mottled dragon (moderately wounded, chance to defeat MR: 66%)
You fail to use your ability.
The mottled dragon breathes sticky fire at you.
The sticky flame hits you!
You are covered in liquid flames!
* * * LOW HITPOINT WARNING * * *
Press: ? - help, Shift-Dir - straight line, f/p - mottled dragon
Aim: a mottled dragon (moderately wounded, catching its breath, chance to defeat MR: 66%)
The mottled dragon struggles to resist.
You feel somewhat more hungry.
You are covered in liquid flames!
You die...

#.# #.# #.# #.# #.#
#.# #)# ###D# #..@#
######
#.#####....#########
#.....'............'
#######....#########
#....# # ######


You could see a mottled dragon.

Vanquished Creatures
  A hound (D:3)
  4 adders
  Natasha (D:3)
  2 oozes (D:1)
  3 giant geckos
  7 orcs (D:3)
  A ball python (D:1)
  14 bats
  5 giant cockroaches
  14 hobgoblins
  8 jackals (D:2)
  3 quokkas
  3 giant newts
  9 goblins
  11 kobolds
  7 rats
93 creatures vanquished.

Notes
Turn   | Place    | Note
--------------------------------------------------------------
     0 | Abyss:1  | Gargoyl the Demonspawn Abyssal Knight began the quest for the Orb.
     0 | Abyss:1  | Reached XP level 1. HP: 18/18 MP: 2/2
     0 | Abyss:1  | Found a corrupted altar of Lugonu.
    87 | Abyss:1  | Noticed a chaos spawn
    87 | D:1      | Escaped the Abyss
   129 | D:1      | Reached * piety under Lugonu
   129 | D:1      | Reached skill level 1 in Dodging
   269 | D:1      | Gained mutation: You have a pair of small horns on your head. [demonic ancestry]
   269 | D:1      | Reached XP level 2. HP: 13/24 MP: 3/3
   788 | D:1      | Reached XP level 3. HP: 29/29 MP: 4/4
   883 | D:1      | Reached ** piety under Lugonu
  1355 | D:2      | Found a stormy altar of Qazlal.
  1429 | D:2      | Reached XP level 4. HP: 33/37 MP: 6/6
  1817 | D:2      | Reached *** piety under Lugonu
  2432 | D:3      | Found a bloodstained altar of Trog.
  2438 | D:3      | Found a white marble altar of Elyvilon.
  2438 | D:3      | Found a glowing golden altar of the Shining One.
  2438 | D:3      | Found a sacrificial altar of Ru.
  2558 | D:3      | Found a basalt altar of Yredelemnul.
  2563 | D:3      | Found a shimmering altar of Xom.
  2643 | D:3      | Gained mutation: You sometimes gain a little power by taking damage. [demonic ancestry]
  2643 | D:3      | Reached XP level 5. HP: 30/42 MP: 7/7
  2653 | D:3      | Found a faded altar to an unknown god.
  2933 | D:3      | Reached skill level 4 in Fighting
  2984 | D:3      | Noticed Natasha
  3025 | D:3      | Noticed Natasha
  3025 | D:3      | Natasha changed into Natasha the hound
  3035 | D:3      | Killed Natasha the hound
  3239 | D:3      | Noticed Natasha
  3254 | D:3      | Killed Natasha
  3254 | D:3      | Reached **** piety under Lugonu
  3538 | D:4      | Found a shadowy altar of Dithmenos.
  3594 | D:4      | Noticed an ogre
  3605 | D:4      | Noticed a mottled dragon
  3605 | D:4      | an ogre changed into a mottled dragon
  3614 | D:4      | Incinerated by a mottled dragon

Action                   |  1- 3 |  4- 6 || total
-------------------------+-------+-------++-------
Melee: Hand axe          |   111 |   150 ||   261
       Unarmed           |       |     6 ||     6
Invok: Depart the Abyss  |     1 |       ||     1
       Banish            |       |     1 ||     1
Evoke: Wand              |       |     3 ||     3
  Eat: Bread ration      |     1 |       ||     1
       Chunk             |       |     4 ||     4
